 Dungeon Crawl Stone Soup version 0.22.0-49-gab54619 (webtiles) character file.

57 Loudmushroom the Skirmisher (level 4, -3/29 HPs)
             Began as a Gargoyle Fighter on Sept 5, 2018.
             Slain by Sigmund
             ... wielding a cursed -3 scythe
              (5 damage)
             ... on level 2 of the Dungeon.
             The game lasted 00:05:23 (1525 turns).

Loudmushroom the Skirmisher (Gargoyle Fighter)      Turns: 1525, Time: 00:05:24

Health: -3/29      AC: 11    Str: 21    XL:     4   Next: 0%
Magic:  4/4        EV:  7    Int:  8    God:
Gold:   122        SH:  9    Dex:  9    Spells: 3/3 levels left

rFire    . . .     SeeInvis .   a - +0 war axe
rCold    . . .     Gourm    .   c - +0 shield
rNeg     + . .     Faith    .   p - +0 scale mail
rPois    ∞         Spirit   .   (no helmet)
rElec    +         Reflect  .   (no cloak)
rCorr    .         Harm     .   (no gloves)
MR       .....                  k - +0 pair of boots
Stlth    ..........             (no amulet)
HPRegen  0.09/turn              (no ring)
MPRegen  0.09/turn              (no ring)

@: no status effects
A: negative energy resistance 1, electricity resistance, unbreathing,
petrification resistance, rot immunity, AC +3
a: no special abilities


You were on level 2 of the Dungeon.
You were not hungry.

You visited 1 branch of the dungeon, and saw 2 of its levels.

You collected 122 gold pieces.

Inventory:

Hand Weapons
 a - a +0 war axe (weapon)
 b - a +0 hunting sling
Missiles
 h - 97 stones (quivered)
 j - 26 poisoned needles
 m - 9 sling bullets
Armour
 c - a +0 shield (worn)
 k - a +0 pair of boots (worn)
 p - a +0 scale mail (worn)
Scrolls
 g - 2 scrolls of identify {unknown}
 i - a scroll of amnesia {unknown}
 o - a scroll of enchant weapon {unknown}
 s - a scroll of fear {unknown}
Potions
 d - a potion of might
 e - a potion of curing {unknown}
 l - a potion of resistance {unknown}
 n - a potion of agility {unknown}
 q - 2 potions of ambrosia {unknown}
Comestibles
 f - 2 rations
 r - 4 chunks of flesh


   Skills:
 + Level 3.7 Fighting
 * Level 2.7 Axes
 + Level 3.7 Armour
 + Level 3.7 Shields


You had 3 spell levels left.
You didn't know any spells.
Your spell library was empty.

Dungeon Overview and Level Annotations

Branches:
Dungeon (2/15)

Altars:

Annotations:
D:2 Sigmund


Innate Abilities, Weirdness & Mutations

You are resistant to torment.
Your stone body is resilient. (AC +3)
You are immune to poison.
You resist negative energy. (rN+)
You are resistant to electric shocks. (rElec)
You can survive without breathing.
You are immune to petrification.
You are immune to rotting.


Message History

You miss something. You closely miss the rat. The rat barely misses you.
The rat bites you. You block something's attack.
You barely miss something. You completely miss the rat.
The rat bites you but does no damage. You block something's attack.
You hit something but do no damage. You hit the rat.
The rat completely misses you.
The rat twitches its whiskers.
The rat completely misses you.
You completely miss something. You hit the rat.
You kill the rat!
You have reached level 4!
You feel stronger. You block something's attack. Something hits you.
You barely miss something.
Your shield and scale mail prevent you from hitting something.
Something hits you!
* * * LOW HITPOINT WARNING * * *
Your shield and scale mail prevent you from hitting something.
Something hits you.
You die...

## .# .#### .##.##
###### .#.#.## #.... #
......##########{.##..##
.#.#..........#.@.......
......#######......#..##
.....## #.........#
#.#.## ##....###.#
#.#.#### ##.#.# #
#.#.##.##### #.#.#
#.#.##.#.♣.# #.#..
#.#.#[.#...## #+####
#.#.#.P#PP..#


There were no monsters in sight!

Vanquished Creatures
  Jessica (D:2)
  A worm (D:2)
  A dart slug (D:1)
  2 bats
  A giant cockroach (D:1)
  3 goblins
  8 hobgoblins
  A frilled lizard (D:1)
  4 kobolds (D:1)
  2 rats
24 creatures vanquished.

Notes
Turn   | Place    | Note
-------+----------+-------------------------------------------
     0 | D:1      | Loudmushroom the Gargoyle Fighter began the quest for the
                  | Orb.
     0 | D:1      | Reached XP level 1. HP: 14/14 MP: 1/1
   156 | D:1      | Reached XP level 2. HP: 19/19 MP: 2/2
  1012 | D:2      | Noticed Jessica
  1016 | D:2      | Reached XP level 3. HP: 23/23 MP: 3/3
  1024 | D:2      | Killed Jessica
  1455 | D:2      | Found a faded altar of an unknown god.
  1514 | D:2      | Noticed Sigmund
  1522 | D:2      | Reached XP level 4. HP: 17/29 MP: 4/4
  1525 | D:2      | Slain by Sigmund

Skill      XL: |  1 |
---------------+----+-----
Axes           | 2 |  2.7
Fighting       | |  3.7
Armour         | |  3.7
Shields        | |  3.7

Action                   |  1- 3 |  4- 6 || total
-------------------------+-------+-------++-------
Melee: War axe           |    99 |     3 ||   102
  Eat: Chunk             |     2 |       ||     2
Armor: Scale mail        |    58 |       ||    58
Dodge: Dodged            |    32 |       ||    32
Block: Shield            |    49 |     1 ||    50
